 Dungeon Crawl Stone Soup version 0.25.1-8-g42b30a86e7 (webtiles) character file.

Game seed: 11862711692563698002

219 Abzac the Covered (level 5, -6/46 HPs)
             Began as a Hill Orc Monk on Dec 20, 2020.
             Was a Believer of Okawaru.
             Mangled by an iguana (11 damage)
             ... on level 4 of the Dungeon.
             The game lasted 00:07:24 (3975 turns).

Abzac the Covered (Hill Orc Monk)                   Turns: 3975, Time: 00:07:24

Health: -6/46      AC: 10    Str: 21    XL:     5   Next: 96%
Magic:  3/5        EV: 15    Int: 10    God:    Okawaru [**....]
Gold:   285        SH:  0    Dex: 13    Spells: 4/4 levels left

rFire    . . .     SeeInvis .   a - +0 hand axe
rCold    . . .     Gourm    .   (no shield)
rNeg     . . .     Faith    .   i - +0 ring mail
rPois    +         Spirit   .   (no helmet)
rElec    .         Reflect  .   u - +2 cloak {rPois}
rCorr    .         Harm     .   (no gloves)
MR       .....                  (no boots)
Stlth    +++.......             (no amulet)
HPRegen  0.15/turn              r - +6 ring of strength
MPRegen  0.09/turn              (no ring)

@: lethally poisoned (-6 -> -8), heroism
A: no striking features
a: Heroism, Renounce Religion


You were on level 4 of the Dungeon.
You worshipped Okawaru.
Okawaru was pleased with you.
You were hungry.

You visited 1 branch of the dungeon, and saw 4 of its levels.

You collected 285 gold pieces.

Inventory:

Hand Weapons
 a - a +0 hand axe (weapon)
Armour
 b - a +0 robe
 i - a +0 ring mail (worn)
 u - a +2 cloak of poison resistance (worn)
Jewellery
 r - a +6 ring of strength (left hand)
Scrolls
 d - 2 scrolls of identify
 e - a scroll of blinking {unknown}
 h - 2 scrolls of immolation {unknown}
 j - 2 scrolls of fear
 m - 2 scrolls of enchant weapon {unknown}
 o - a scroll of remove curse {unknown}
 q - 2 scrolls of teleportation {unknown}
 s - a scroll of magic mapping {unknown}
Potions
 f - 2 potions of ambrosia
 g - a potion of invisibility
 k - a potion of stabbing
 l - 4 potions of curing
 n - 2 potions of brilliance {unknown}
 p - a potion of lignification {unknown}
Comestibles
 c - 8 rations


   Skills:
 - Level 4.0(9.0) Fighting
 - Level 5.0(10.0) Axes
 * Level 5.2(10.2) Armour
 - Level 2.4(7.4) Dodging
 - Level 1.5(6.5) Stealth


You had 4 spell levels left.
You didn't know any spells.
Your spell library was empty.

Dungeon Overview and Level Annotations

Branches:
Dungeon (4/15)
 Temple: D:4-7

Altars:
Cheibriados
Kikubaaqudgha
Okawaru
Xom

Annotations:
D:4 Edmund


Message History

You are too injured to fight recklessly!
You are too injured to fight recklessly!
You are too injured to fight recklessly!
You are too injured to fight recklessly!
You are too injured to fight recklessly!
You are too injured to fight recklessly!
You are too injured to fight recklessly!
You are too injured to fight recklessly!
You are too injured to fight recklessly!
You are too injured to fight recklessly!
You are too injured to fight recklessly!
You feel sick.
You feel sick.
As you read the scroll of identify, it crumbles to dust.
l - 4 potions of curing You gain the combat prowess of a mighty hero.
The iguana bites you!
* * * LOW HITPOINT WARNING * * *
You hit the iguana but do no damage.
You feel sick. The iguana bites you!
You die...

..##......#
#.#.............#
...#.######
######.###.#.##
...#.######## #.#
#.#.#
...'......... #<#
#.#.#
#..#.####...#
###########.#.#
##.#.# #
#...........#.#
###..
#.###########.#
#..# #.# #.# ...>
#@# #.# ...## #l#
#.# #### #o# #h#
#.# #'#
......†........
....(......####
...........#


You could see an iguana, an orc and a jackal.

Vanquished Creatures
  A howler monkey (D:4)
  Crazy Yiuf (D:2)
  2 worker ants (D:4)
  4 adders
  A worm (D:2)
  A dart slug (D:2)
  5 leopard geckos
  3 orcs
  3 giant cockroaches (D:2)
  9 goblins
  4 hobgoblins
  4 jackals
  3 ball pythons
  5 bats
  4 frilled lizards
  8 kobolds
  5 rats
63 creatures vanquished.

Notes
Turn   | Place    | Note
-------+----------+-------------------------------------------
     0 | D:1      | Abzac the Hill Orc Monk began the quest for the Orb.
     0 | D:1      | Reached XP level 1. HP: 19/19 MP: 1/1
   239 | D:1      | Reached XP level 2. HP: 27/27 MP: 2/2
   835 | D:2      | Found a runed translucent door.
   836 | D:2      | Noticed Crazy Yiuf
  1032 | D:2      | Reached skill level 5 in Axes
  1156 | D:2      | Reached XP level 3. HP: 33/33 MP: 3/3
  1265 | D:2      | Reached skill level 1 in Armour
  1291 | D:2      | Found a shimmering altar of Xom.
  1763 | D:2      | Noticed an orc warrior
  1987 | D:3      | Found an ancient bone altar of Kikubaaqudgha.
  2199 | D:3      | Reached XP level 4. HP: 32/40 MP: 4/4
  2340 | D:3      | Found a snail-covered altar of Cheibriados.
  2358 | D:3      | Found an iron altar of Okawaru.
  2388 | D:3      | Became a worshipper of Warmaster Okawaru
  2388 | D:3      | Reached * piety under Okawaru
  2388 | D:3      | Reached ** piety under Okawaru
  3146 | D:4      | Reached XP level 5. HP: 40/46 MP: 5/5
  3295 | D:4      | Noticed Edmund
  3656 | D:2      | Killed Crazy Yiuf
  3957 | D:4      | Reached skill level 5 in Armour
  3975 | D:4      | Mangled by an iguana

Illustrated notes

Levels and vault maps discovered:
D:1:      dpeg_arrival_simpleton_b, layout_basic
D:2:      layout_loops_corners, overflow_temple_1_default,
          uniq_crazy_yiuf_cottage
D:3:      layout_basic, okawaru_trees_1, old_standard_altar,
          lemuel_crystal_altar, kennysheep_generic_room_12
D:4:      layout_basic, grunt_temple_overflow_open, minmay_quadrilaterals,
          uniq_ijyb, uniq_edmund

Skill      XL: |  1  2  3  4  5 |
---------------+----------------+-----
Fighting       | 4 |  4.0
Axes           | 5 |  5.0
Armour         | 2 3 5 |  5.2
Dodging        | |  2.4
Stealth        | |  1.5

Action                   |  1- 3 |  4- 6 || total
-------------------------+-------+-------++-------
Melee: Hand axe          |   173 |   105 ||   278
Invok: Heroism           |       |     1 ||     1
  Use: Scroll            |     4 |     1 ||     5
 Stab: Sleeping          |     4 |       ||     4
  Eat: Chunk             |     4 |     5 ||     9
Armor: Robe              |     2 |       ||     2
       Ring mail         |    46 |    27 ||    73
Dodge: Dodged            |    98 |    67 ||   165
